 Dungeon Crawl Stone Soup version 0.25-a0-294-gea9b1ad378 (webtiles) character file.

Game seed: 3077607679901722985, levelgen mode: deterministic

412 Jindul the Poker (level 6, -2/48 HPs)
             Began as a Demonspawn Chaos Knight on Dec 19, 2019.
             Was a Plaything of Xom.
             Slain by a goblin
             ... wielding a +0 spear
              (5 damage)
             ... on level 7 of the Dungeon.
             The game lasted 00:18:49 (3300 turns).

Jindul the Poker (Demonspawn Chaos Knight)          Turns: 3300, Time: 00:18:55

Health: -2/48      AC:  8    Str: 12 (14) XL:     6   Next: 59%
Magic:  6/6        EV: 12    Int: 12 (13) God:    Xom [.....*]
Gold:   284        SH:  0    Dex: 10 (11) Spells: 5/5 levels left

rFire    . . .     SeeInvis .   a - +0 spear (chaos)
rCold    . . .     Gourm    .   (no shield)
rNeg     . . .     Faith    .   b - +2 leather armour
rPois    +         Spirit   .   (helmet restricted)
rElec    .         Reflect  .   n - +2 cloak
rCorr    .         Harm     .   (no gloves)
MR       .....     Clarity  +   (no boots)
Stlth    +++.......             h - amulet of regeneration
HPRegen  0.56/turn              (no ring)
MPRegen  0.10/turn              (no ring)

@: about to teleport, very slightly contaminated
A: antennae 2, clarity, clumsy 1, nightstalker 1, poison resistance
a: Renounce Religion


You were on level 7 of the Dungeon.
You worshipped Xom.
You were Xom's teddy bear.
You were not hungry.

You visited 1 branch of the dungeon, and saw 7 of its levels.

You collected 284 gold pieces.

Inventory:

Hand Weapons
 a - a +0 spear of chaos (weapon)
 g - a +0 short sword
 r - a +0 dagger
Armour
 b - a +2 leather armour (worn)
 n - a +2 cloak (worn)
 t - a cursed +0 ring mail
Jewellery
 h - an amulet of regeneration (around neck)
Wands
 l - a wand of flame (18)
Scrolls
 d - 2 scrolls of identify
 e - 3 scrolls of remove curse
 j - a scroll of noise {unknown}
 m - a scroll of fog {unknown}
 o - 2 scrolls of teleportation
Potions
 q - a potion of magic {unknown}
 s - a potion of flight {unknown}
Comestibles
 c - 12 rations
 p - 6 chunks of flesh


   Skills:
 + Level 3.9 Fighting
 * Level 2.3 Short Blades
 * Level 4.1 Polearms
 + Level 2.8 Armour
 + Level 2.1 Dodging
 * Level 2.5 Stealth


You had 5 spell levels left.
You didn't know any spells.
Your spell library was empty.

Dungeon Overview and Level Annotations

Branches:
Dungeon (7/15)             Temple (0/1) D:4

Altars:
Ru
Sif Muna
Xom

Portals:
Bailey: D:7

Annotations:
D:5 Duvessa, Prince Ribbit


Innate Abilities, Weirdness & Mutations

You have a pair of antennae on your head.
You are slightly more attuned to the shadows.
You possess an exceptional clarity of mind.
You are clumsy. (Dex -2)
Your system is resistant to poisons. (rPois)


Message History

Your crimson imp hits something.
Something hits you but does no damage. The goblin closely misses you.
The goblin hits you but does no damage. The hippogriff bites your crimson imp!
The hippogriff pecks your crimson imp.
The hippogriff barely misses your crimson imp.
It was a potion of mutation.
You feel extremely strange.
You feel clever.
You feel healthier.
Your thoughts seem clearer.
You feel resistant to poisons.
Xom thinks this is hilarious!
Something hits you but does no damage.
Your crimson imp misses something.
The goblin closely misses you. x2
The hippogriff barely misses your crimson imp.
The hippogriff closely misses your crimson imp.
The hippogriff misses your crimson imp. Something hits you but does no damage.
As you read the scroll labeled KAXOTW XAJORUM, it crumbles to dust.
You feel strangely unstable.
It was a scroll of teleportation.
Your crimson imp hits something.
Reactivating autopickup.
You feel a bit more experienced. The goblin hits you with a +0 spear.
You die... "I guess I need a new plaything now."

#.......#.....
+.......'.....
#.....?.#.....
#.....sg....#
##########...≈{lrg≈≈.#
.............≈##H##≈...
.............≈#)5g# ...
.............≈#g§5#
.............≈#.@4#
.............≈#####
...#########.≈≈≈ ...#
..... ..{# #.### ...# .
...# ...#############
...H...........#


You could see a hippogriff, 2 gnolls, a leopard gecko, a quokka, a giant
cockroach, 2 goblins, a friendly red devil, a friendly crimson imp and a
friendly white imp.

Vanquished Creatures
  An ogre (D:4)
  A howler monkey (D:4)
  2 orc priests
  A hound (D:4)
  An orc wizard (D:4)
  Jessica (D:2)
  A worker ant (D:4)
  4 adders
  4 gnolls (D:3)
  An ooze (D:1)
  A worm (D:4)
  2 dart slugs (D:1)
  5 leopard geckos
  7 orcs
  A ball python (D:1)
  6 bats
  2 giant cockroaches (D:4)
  4 goblins
  A hobgoblin (D:2)
  9 kobolds
  3 frilled lizards
  4 rats
62 creatures vanquished.

Vanquished Creatures (collateral kills)
  A howler monkey (D:4)
  A goblin (D:7)
2 creatures vanquished.

Grand Total: 64 creatures vanquished

Notes
Turn   | Place    | Note
-------+----------+-------------------------------------------
     0 | D:1      | Jindul the Demonspawn Chaos Knight began the quest for the
                  | Orb.
     0 | D:1      | Reached XP level 1. HP: 18/18 MP: 1/1
    11 | D:1      | XOM: divination: magic mapping
    70 | D:1      | Reached skill level 1 in Dodging
    74 | D:1      | XOM: noise
    85 | D:1      | Gained mutation: You have a pair of small antennae on your
                  | head. [demonic ancestry]
    85 | D:1      | Reached XP level 2. HP: 14/24 MP: 2/2
    89 | D:1      | Reached skill level 3 in Polearms
   581 | D:1      | XOM: god gift: 27 gold pieces
   722 | D:2      | Found a sacrificial altar of Ru.
   801 | D:2      | Gained mutation: You are slightly more attuned to the
                  | shadows. [demonic ancestry]
   801 | D:2      | Reached XP level 3. HP: 29/29 MP: 3/3
   887 | D:2      | XOM: summons 1 hostile demon
   958 | D:2      | Found a shimmering altar of Xom.
   963 | D:2      | XOM: severe Necr miscast
   964 | D:2      | Noticed a soul eater
  1182 | D:4      | Reached XP level 4. HP: 35/35 MP: 4/4
  1185 | D:4      | Reached skill level 1 in Short Blades
  1185 | D:4      | Reached skill level 1 in Stealth
  1192 | D:4      | XOM: harmless Air miscast
  1207 | D:4      | Found a shimmering blue altar of Sif Muna.
  1207 | D:4      | XOM: 3-stop teleportation journey
  1240 | D:4      | Gained mutation: You have a pair of antennae on your head.
                  | [demonic ancestry]
  1240 | D:4      | Reached XP level 5. HP: 37/41 MP: 5/5
  1242 | D:4      | XOM: mild Conj miscast
  1246 | D:4      | XOM: 3-stop teleportation journey
  1362 | D:4      | Found a staircase to the Ecumenical Temple.
  1388 | D:4      | XOM: give mutations
  1388 | D:4      | Gained mutation: You are dopey. (Int -2) [Xom's mischief]
  1388 | D:4      | Gained mutation: Your body sometimes deteriorates upon
                  | taking damage. [Xom's mischief]
  1388 | D:4      | Gained mutation: You are clumsy. (Dex -2) [Xom's mischief]
  1398 | D:4      | HP: 2/41 [worker ant (2)]
  1679 | D:3      | XOM: 4-stop teleportation journey
  1701 | D:3      | XOM: 2-stop teleportation journey
  1805 | D:2      | Noticed Jessica
  1814 | D:2      | Killed Jessica
  2204 | D:2      | XOM: medium Hex miscast
  2448 | D:3      | Reached skill level 4 in Polearms
  2498 | D:3      | Reached XP level 6. HP: 48/48 MP: 6/6
  2524 | D:3      | HP: 1/48 [something (14)]
  2932 | D:3      | XOM: harmless Tloc miscast
  2995 | D:5      | Entered Level 5 of the Dungeon
  3008 | D:5      | XOM: noise
  3011 | D:5      | Noticed Duvessa
  3016 | D:5      | XOM: butterfly on damage
  3033 | D:4      | XOM: summons 6 friendly demons
  3134 | D:4      | XOM: severe Tmut miscast
  3166 | D:5      | Noticed Prince Ribbit
  3233 | D:6      | XOM: harmless Tloc miscast
  3253 | D:7      | Noticed a hippogriff
  3283 | D:7      | Found a flagged portal.
  3296 | D:7      | XOM: summons 3 friendly demons
  3296 | D:7      | XOM: smoke on damage
  3297 | D:7      | HP: 1/48 [something (3)]
  3299 | D:7      | Lost mutation: You are dopey. (Int -2) [potion of mutation]
  3299 | D:7      | Lost mutation: Your body sometimes deteriorates upon taking
                  | damage. [potion of mutation]
  3299 | D:7      | Gained mutation: You possess an exceptional clarity of
                  | mind. [potion of mutation]
  3299 | D:7      | Gained mutation: Your system is resistant to poisons.
                  | (rPois) [potion of mutation]
  3300 | D:7      | Slain by a goblin

Levels and vault maps discovered:
D:1:      minmay_arrival_loop, layout_loops_ring, minmay_tetromino_t4
D:2:      layout_basic, xom_teletrap_fun, palyth_stone_intersect,
          nicolae_ru_sacrificial_ziggurat, uniq_jessica
D:3:      layout_loops_cross, first_ration
D:4:      layout_rooms, lemuel_round_altar, minmay_temple_entry_glass,
          grunt_decor_arrowhead
D:5:      layout_cave_pools, marbit_many_paths, nicolae_zen_rock_garden,
          uniq_pikel, uniq_prince_ribbit1, uniq_duvessa, uniq_grinder
D:6:      layout_cave_pods, slow_altar_2, basic_altar,
          minmay_misc_feat_nine_boxes, makhleb_altar_promises_db, uniq_edmund
D:7:      black_bear_nest_2, layout_gridville, serial_shops, nicolae_shop_trees,
          shop, shop_statue, shop, enter_bailey_3, uniq_joseph

Skill      XL: |  1  2  3  4  5  6 |
---------------+-------------------+-----
Dodging        | 1 2 |  2.1
Polearms       | 3 4 |  4.1
Armour         | 2 |  2.8
Short Blades   | 1 2 |  2.3
Stealth        | 1 2 |  2.5
Fighting       | |  3.9

Action                   |  1- 3 |  4- 6 || total
-------------------------+-------+-------++-------
Melee: Spear             |    89 |   203 ||   292
       Unarmed           |       |    10 ||    10
  Use: Scroll            |     2 |     3 ||     5
       Potion            |       |     6 ||     6
 Stab: Sleeping          |       |     6 ||     6
       Paralysed         |       |     2 ||     2
       Distracted        |       |     3 ||     3
  Eat: Chunk             |     1 |     3 ||     4
       Ration            |       |     1 ||     1
Armor: Leather armour    |    21 |    61 ||    82
Dodge: Dodged            |    40 |   128 ||   168

Table legend:
 A = Non-vault XP
 B = Vault XP
 C = Vault XP percentage of total XP
 D = Non-vault monster count
 E = Vault monster count
 F = Vault count percentage of total count
                 A         B        C        D         E       F
            +---------+---------+-------+---------+---------+-------
      Total |     543 |      46 |   7.8 |      57 |       7 |  10.9
            +---------+---------+-------+---------+---------+-------
        D:1 |      30 |       6 |  16.7 |      11 |       4 |  26.7
        D:2 |      24 |      37 |  60.7 |       9 |       1 |  10.0
        D:3 |     138 |       0 |   0.0 |      17 |       0 |   0.0
        D:4 |     337 |       0 |   0.0 |      19 |       0 |   0.0
        D:5 |      14 |       0 |   0.0 |       1 |       0 |   0.0
        D:7 |       0 |       3 | 100.0 |       0 |       2 | 100.0
            +---------+---------+-------+---------+---------+-------
